 Seeded DCSS version 0.27-a0-1232-gc6a4cbd (webtiles) character file.

Game seed: 3375557939289291370 (custom seed)

112 AmazingTV the Sneak (level 4, -7/23 HPs)
             Began as a Spriggan Abyssal Knight on June 8, 2021.
             Was a Believer of Lugonu.
             Killed by divine providence
             ... invoked by an orc priest
              (8 damage)
             ... on level 3 of the Dungeon.
             The game lasted 00:16:50 (3134 turns).

AmazingTV the Sneak (Spriggan Abyssal Knight)       Turns: 3134, Time: 00:16:51

Health: -7/23      AC:  2    Str:  9    XL:     4   Next: 63%
Magic:  6/6        EV: 17    Int: 13    God:    Lugonu [**....]
Gold:   154        SH:  0    Dex: 14    Spells: 3/3 levels left

rFire    . . .     SeeInvis +   a - +1 dagger (distort)
rCold    . . .     Faith    .   (shield restricted)
rNeg     . . .     Spirit   .   b - +0 robe
rPois    .         Reflect  .   (helmet restricted)
rElec    .         Harm     .   (no cloak)
rCorr    .         Rampage  .   (gloves unavailable)
Will     .....                  (boots unavailable)
Stlth    +.........             j - amulet of the acrobat
HPRegen  0.07/turn              (no ring)
MPRegen  0.10/turn              (no ring)

@: confused, very quick
A: very small, no large weapons, unfitting armour, see invisible, speed 3
a: Renounce Religion, Depart the Abyss, Bend Space


You were on level 3 of the Dungeon.
You worshipped Lugonu.
Lugonu was pleased with you.
You visited 1 branch of the dungeon, and saw 3 of its levels.
You visited the Abyss 1 time.

You collected 154 gold pieces.

Inventory:

Hand Weapons
 a - a +1 dagger of distortion (weapon)
 c - a +0 dagger
 e - a +1 hand axe
 g - a +0 dagger
Missiles
 d - 27 sling bullets
 f - 83 stones
 o - 8 poisoned darts
Armour
 b - a +0 robe (worn)
Jewellery
 j - an amulet of the acrobat (around neck)
 k - a ring of fire
Scrolls
 h - a scroll of fog {unknown}
 i - 7 scrolls of identify {unknown}
 l - a scroll of immolation {unknown}
 m - a scroll of noise {unknown}
 n - a scroll of vulnerability {unknown}
 p - a scroll of enchant armour {unknown}
 q - a scroll of holy word {unknown}


   Skills:
 - Level 2.4 Fighting
 * Level 3.2 Short Blades
 - Level 1.5 Axes
 - Level 3.2 Dodging
 * Level 4.8 Stealth
 - Level 1.7 Invocations


You had 3 spell levels left.
You didn't know any spells.
Your spell library was empty.

Dungeon Overview and Level Annotations

Branches:
Dungeon (3/15)

Altars:
Qazlal

Shops:
D:2 [


Innate Abilities, Weirdness & Mutations

You are very small and have problems with some larger weapons.
You are too small for most types of armour.
You have supernaturally acute eyesight. (SInv)
You cover ground extremely quickly. (Speed+++)


Message History

The orc misses you.
The orc priest looks braver for a moment.
The orc wizard shouts!
You hit the orc.
Space warps horribly around the orc!!
You kill the orc!
Lugonu accepts your kill.
You closely miss the orc wizard. You closely miss the orc wizard.
The orc wizard closely misses you.
You hit the orc wizard.
The orc wizard is lightly wounded.
The orc priest begins to cast a cantrip, but forgets the words!
The orc wizard hits you with a +0 dagger.
You barely miss the orc wizard.
The orc wizard is lightly wounded.
The orc wizard casts a spell at you.
You are confused.
You miss the orc wizard.
The orc wizard is lightly wounded.
The orc priest invokes the aid of Beogh against you.
Beogh smites you! The orc wizard casts a spell at you.
You are more confused.
You hit the orc wizard.
Space bends around the orc wizard.
The orc wizard is moderately wounded.
The orc wizard misses you.
You hit the orc wizard.
The orc wizard is moderately wounded.
The orc wizard blinks!
You bump into the rock wall.
The orc priest mumbles some strange prayers to Beogh against you.
Pain shoots through your body!
* * * LOW HITPOINT WARNING * * *
Okay, then.
You are too confused!
The orc priest looks braver for a moment.
You bump into the rock wall.
You closely miss the orc priest.
The orc priest invokes the aid of Beogh against you.
Beogh smites you!
You die...

.#.........#....#.#
...........#.####.#
...........#......#
.....#†....########
####.........#
..........##.#
..........>#.#####
........##.#.....#
...#.#..# .#####@#
.......?. .# ###o##
...#.##. .# #....#
...#.# .# #o#..#
...# #)#### ...
.#.## #.#.. .. #
###


You could see an orc priest and an orc wizard.

Vanquished Creatures
  3 adders (D:2)
  2 worms (D:2)
  3 dart slugs
  3 orcs (D:3)
  11 endoplasms
  2 giant cockroaches
  6 goblins
  5 hobgoblins
  2 jackals (D:1)
  2 quokkas
  2 ball pythons
  5 bats
  7 frilled lizards
  9 kobolds
  A rat (D:1)
63 creatures vanquished.

Notes
Turn   | Place    | Note
-------+----------+-------------------------------------------
     0 | Abyss:1  | AmazingTV the Spriggan Abyssal Knight began the quest for
                  | the Orb.
     0 | Abyss:1  | Reached XP level 1. HP: 11/11 MP: 3/3
    41 | D:1      | Escaped the Abyss
   499 | D:1      | Reached skill level 1 in Stealth
   532 | D:1      | Found a faded altar of an unknown god.
   537 | D:1      | Reached skill level 1 in Short Blades
   583 | D:1      | Reached XP level 2. HP: 16/16 MP: 4/4
   595 | D:1      | Reached skill level 2 in Stealth
   978 | D:1      | Reached ** piety under Lugonu
   979 | D:1      | Reached skill level 3 in Stealth
   980 | D:1      | Reached XP level 3. HP: 14/19 MP: 5/5
  1810 | D:2      | Reached skill level 4 in Stealth
  1906 | D:2      | Reached XP level 4. HP: 23/23 MP: 6/6
  2477 | D:2      | Found Reesocobb's Armour Boutique.
  2700 | D:3      | Found a stormy altar of Qazlal.
  3130 | D:3      | HP: 1/23 [orc priest/nerve-wracking pain (9)]
  3134 | D:3      | Killed from afar by an orc priest

Illustrated notes

Levels and vault maps discovered:
D:1:      dpeg_arrival_three_smaller_balls, layout_rooms,
          hellmonk_ecumenical_altar_prayer_group, minmay_split_cup_large
D:2:      layout_rooms, serial_shops, nicolae_shop_crystal
D:3:      layout_basic, lemuel_coloured_pillars_altar,
          nicolae_overflow_hidden_temple

Skill      XL: |  1  2  3  4 |
---------------+-------------+-----
Stealth        | 1 3 4 |  4.8
Short Blades   | 1 2 3 |  3.2
Fighting       | |  2.4
Axes           | |  1.5
Dodging        | |  3.2
Invocations    | |  1.7

Action                   |  1- 3 |  4- 6 || total
-------------------------+-------+-------++-------
Melee: Dagger            |   108 |    78 ||   186
 Stab: Sleeping          |     9 |     5 ||    14
       Distracted        |     1 |     1 ||     2
Armor: Robe              |     7 |     8 ||    15
Dodge: Dodged            |    56 |    28 ||    84

Table legend: (Time is in decaauts)
 A = Elapsed time spent in this place.
 B = Non-inter-level travel time spent in this place.
 C = Inter-level travel time spent in this place.
 D = Time resting spent in this place.
 E = Time spent auto-exploring this place.
 F = Levels seen in this place.
 G = Mean time per level.
                   A        B        C        D        E       F      G
               +--------+--------+--------+--------+--------+-----+--------+
         Total |   2461 |   2194 |    267 |   1208 |    363 |   4 |  615.2 |
       Dungeon |   2436 |   2169 |    267 |   1208 |    341 |   3 |  812.0 |
         Abyss |     25 |     25 |      0 |      0 |     22 |   1 |   25.0 |
               +--------+--------+--------+--------+--------+-----+--------+

Top non-repeatable levels by time:
     D:1: 1267 daAuts
     D:2: 848 daAuts
     D:3: 321 daAuts
 Abyss:1: 25 daAuts
